 Dungeon Crawl Stone Soup version 0.19-a0-1786-g230130f (webtiles) character file.

45 jerryfan the Firebug (level 3, 0/27 HPs)
             Began as a Draconian Fire Elementalist on Oct 3, 2016.
             Slain by Natasha (6 damage)
             ... on level 2 of the Dungeon.
             The game lasted 00:12:26 (1684 turns).

jerryfan the Firebug (Draconian Fire Elementalist)  Turns: 1684, Time: 00:12:27

Health: 0/27       AC:  6    Str: 10    XL:     3   Next: 42%
Magic:  1/6        EV: 12    Int: 16    God:
Gold:   83         SH:  0    Dex: 11    Spells: 2 memorised, 3 levels left

rFire  . . .     SeeInvis .     l - +0 club
rCold  . . .     Gourm    .     (armour unavailable)
rNeg   . . .     Faith    .     (no shield)
rPois  .         Spirit   .     (helmet restricted)
rElec  .         Dismiss  .     (no cloak)
rCorr  .         Reflect  .     (no gloves)
MR     .....     Harm     .     i - +0 pair of boots
Stlth  ++........               (no amulet)
                                (no ring)
                                (no ring)

@: very slightly contaminated
A: unfitting armour, cold-blooded, AC +5
a: no special abilities


You were on level 2 of the Dungeon.
You were not hungry.

You visited 1 branch of the dungeon, and saw 2 of its levels.

You collected 83 gold pieces.

Inventory:

Hand Weapons
 l - a +0 club (weapon)
Missiles
 c - 5 curare-tipped needles
Armour
 i - a +0 pair of boots (worn)
Scrolls
 d - a scroll of identify
 f - a scroll of blinking
 g - 3 scrolls of remove curse
 j - a scroll of amnesia {unknown}
 o - 2 scrolls of teleportation {unknown}
 p - a scroll of recharging {unknown}
Potions
 e - a potion of invisibility {unknown}
 k - a potion of cancellation
 n - a potion of might {unknown}
Books
 a - a book of Flames

   Spells                             Type                      Level
   a - Flame Tongue                   Conjuration/Fire             1
   b - Throw Flame                    Conjuration/Fire             2
   c - Conjure Flame                  Conjuration/Fire             3
   d - Inner Flame                    Hexes/Fire                   3
   e - Sticky Flame                   Conjuration/Fire             4
   f - Fireball                       Conjuration/Fire             5
Comestibles
 b - 4 bread rations
 h - 4 fruits
 m - 2 beef jerkies
 q - a chunk of flesh


   Skills:
 + Level 0.7 Fighting
 + Level 2.1 Dodging
 + Level 2.4 Stealth
 + Level 2.2 Spellcasting
 - Level 1.0 Conjurations
 * Level 3.6 Fire Magic


You had 3 spell levels left.
You knew the following spells:

 Your Spells              Type           Power        Failure   Level  Hunger
a - Flame Tongue          Conj/Fire      #....        10%         1    #......
b - Throw Flame           Conj/Fire      #.....       14%         2    ###....


Dungeon Overview and Level Annotations

Branches:
Dungeon (2/15)

Altars:

Annotations:
D:2 Natasha


Innate Abilities, Weirdness & Mutations

Your plain brown scales are hard. (AC +5)
You cannot fit into any form of body armour.
You are cold-blooded and may be slowed by cold attacks.


Message History

The flame tongue hits Natasha.
Natasha is severely wounded.
Natasha claws you!
You barely miss Natasha.
Natasha is severely wounded.
Natasha claws you but does no damage. Natasha claws you.
* * * LOW HITPOINT WARNING * * *
You closely miss Natasha.
Natasha is severely wounded.
Natasha casts a spell.
You closely miss Natasha.
Natasha is severely wounded.
Natasha closely misses you.
You hit Natasha.
Natasha is almost dead.
Natasha barely misses you.
You hit Natasha but do no damage.
Natasha is almost dead.
Natasha claws you but does no damage. Natasha claws you.
You die...

#....... #####
#....... #@h5#
#....... ###.#
#....... #.#
#.[..>..
#.#######.......
#...h..##.......
######.##.......
#.##.......
#.######... #h#
#.#.


You could see Natasha and a shadow imp.

Vanquished Creatures
  An adder (D:2)
  6 bats
  3 giant cockroaches
  6 goblins
  4 hobgoblins
  4 jackals (D:2)
  3 kobolds
  A quokka (D:2)
  A frilled lizard (D:1)
  2 rats (D:1)
31 creatures vanquished.

Notes
Turn   | Place    | Note
-------+----------+-------------------------------------------
     0 | D:1      | jerryfan the Draconian Fire Elementalist began the quest for the Orb.
     0 | D:1      | Reached XP level 1. HP: 14/14 MP: 3/3
   335 | D:1      | Reached XP level 2. HP: 20/20 MP: 3/5
   911 | D:2      | Learned a level 2 spell: Throw Flame
  1040 | D:2      | Reached XP level 3. HP: 9/27 MP: 1/6
  1289 | D:2      | Found a faded altar of an unknown god.
  1506 | D:2      | Noticed Natasha
  1684 | D:2      | Slain by Natasha

Vault maps used:
D:1:      saegor_arrival_simple_d
D:2:      elyvilon_altar_3, ecumenical_altar_2, first_bread, uniq_natasha

Skill      XL: |  1  2 |
---------------+-------+-----
Dodging        | 2 |  2.1
Stealth        | 2 |  2.4
Fighting       | |  0.7
Spellcasting   | |  2.2
Conjurations   | |  1.0
Fire Magic     | |  3.6

Action                   || total
-------------------------++-------
Melee: Unarmed           ||    15
       Club              ||    41
       Tailslap          ||     4
 Cast: Flame Tongue      ||    42
       Throw Flame       ||     8
  Use: Scroll            ||     3
       Potion            ||     1
  Eat: Chunk             ||     4
Armor: Skin              ||    49
Dodge: Dodged            ||    75
